 Dungeon Crawl Stone Soup version 0.25-a0-743-g84dc20635f (webtiles) character file.

Game seed: 1615226409933649288, levelgen mode: deterministic

9894 Hastur the Fighter (level 11, 0/96 (97) HPs)
             Began as a Green Draconian Ice Elementalist on Apr 13, 2020.
             Was a Priest of Sif Muna.
             Slain by a minotaur
             ... wielding a +2 glaive of freezing
              (30 damage)
             ... in a Gauntlet.
             The game lasted 00:33:21 (11052 turns).

Hastur the Fighter (DrIE)                          Turns: 11052, Time: 00:33:23

HP:   0/96 (97)     AC: 18    Str: 11    XL:     11   Next: 29%
MP:   18/21         EV: 12    Int: 19    God:    Sif Muna [***...]
Gold: 210           SH:  0    Dex: 14    Spells: 12/24 levels left

rFire    . . .     SeeInvis .   b - staff of cold
rCold    + . .     Gourm    .   (no shield)
rNeg     . . .     Faith    .   (armour unavailable)
rPois    +         Spirit   .   (helmet restricted)
rElec    .         Reflect  .   w - +0 cloak {MR+}
rCorr    .         Harm     .   I - +1 pair of gloves {Dex+3}
MR       ++...     NoTele   +   (no boots)
Stlth    ++........             f - amulet of magic regeneration
HPRegen  0.26/turn              L - ring of protection from magic
MPRegen  0.42/turn              N - ring of Robustness {AC+8}

@: short of breath, frozen ramparts
A: breathe noxious fumes, unfitting armour, poison resistance, cold-blooded, AC
+7
a: Breathe Noxious Fumes, Channel Magic, Forget Spell, Renounce Religion


You were in a Gauntlet.
You worshipped Sif Muna.
Sif Muna was most pleased with you.
You were not hungry.

You visited 2 branches of the dungeon, and saw 12 of its levels.
You also visited: Gauntlet.

You collected 648 gold pieces.
You spent 438 gold pieces at shops.

Inventory:

Hand Weapons
 a - a +3 dagger of venom
 d - a +0 spear of freezing
 x - a +1 whip of electrocution
 z - a +1 hunting sling of flaming
 M - a +2 hunting sling of flaming
Missiles
 k - 335 stones (quivered)
Armour
 w - a +0 cloak of magic resistance (worn)
 F - a +0 kite shield
 I - a +1 pair of gloves of dexterity (worn)
Magical Staves
 b - an uncursed staff of cold (weapon)
 O - an uncursed staff of earth {unknown}
Jewellery
 f - an amulet of magic regeneration (around neck)
 B - the ring "Vazalug" {Wiz Str+5 Dex+2, unknown}
   (You found it in a Gauntlet)

   [ring of wizardry]

   It improves your spell success rate.
   It affects your strength (+5).
   It affects your dexterity (+2).
 E - an uncursed amulet of regeneration
 H - the ring "Sefatz" {rElec MP+9 Int-5 Dex+6 Slay+2}
   (You found it on level 9 of the Dungeon)

   [ring of magical power]

   It affects your intelligence (-5).
   It affects your dexterity (+6).
   It affects your accuracy and damage with ranged weapons and melee attacks
   (+2).
   It insulates you from electricity.
   It affects your magic capacity (+9).
 L - a ring of protection from magic (left hand)
 N - the ring of Robustness (right hand) {AC+8}
   (You found it in a Gauntlet)

   [ring of protection]

   It affects your AC (+8).
Wands
 i - a wand of acid (7)
 u - a wand of digging (5)
 J - a wand of scattershot (4)
Scrolls
 c - 10 scrolls of remove curse
 e - 4 scrolls of immolation
 j - 3 scrolls of fog
 l - 5 scrolls of teleportation
 q - 2 scrolls of noise
 y - a scroll of amnesia
 A - a scroll of fear
Potions
 g - 3 potions of heal wounds
 h - a potion of resistance {unknown}
 m - a potion of might {unknown}
 n - 3 potions of stabbing {unknown}
 o - a potion of ambrosia {unknown}
 p - a potion of cancellation {unknown}
 r - 5 potions of curing
 t - 3 potions of lignification
 v - 2 potions of mutation {unknown}
 C - a potion of berserk rage
 D - a potion of invisibility {unknown}
 G - 4 potions of flight
 K - 2 potions of haste
Comestibles
 s - 17 rations


   Skills:
 + Level 9.0 Fighting
 - Level 1.7 Dodging
 - Level 3.0 Stealth
 + Level 3.3 Shields
 - Level 7.0 Spellcasting
 - Level 8.0 Conjurations
 - Level 8.1 Summonings
 - Level 8.0 Ice Magic


You had 12 spell levels left.
You knew the following spells:

 Your Spells              Type           Power        Failure   Level  Hunger
a - Freeze                Ice            ####         1%          1    None
b - Frozen Ramparts       Ice            ######       1%          3    #......
c - Summon Ice Beast      Ice/Summ       ######..     3%          4    ###....
d - Hailstorm             Conj/Ice       ######..     3%          4    ###....

Your spell library contained the following spells:

 Spells                   Type           Power        Failure   Level  Hunger
 Ozocubu's Armour         Chrm/Ice       ####....     6%          3    #......
 Animate Skeleton         Necr           N/A          10%         1    None
 Pain                     Necr           #...         10%         1    None
 Vampiric Draining        Necr           #.........   30%         3    #......
 Animate Dead             Necr           N/A          69%         4    ###....
 Agony                    Necr           #.......     95%         5    #####..


Dungeon Overview and Level Annotations

Branches:
Dungeon (11/15)            Temple (1/1) D:5            Lair (0/6) D:8
Gauntlet (1/1)
    Orc: D:9-12

Altars:
Ashenzari
Cheibriados
Dithmenos
Elyvilon
Fedhas
Gozag
Hepliaklqana
Kikubaaqudgha
Makhleb
Nemelex Xobeh
Okawaru
Qazlal
Ru
Sif Muna
Trog
Uskayaw
Vehumet
Wu Jian
Xom
Yredelemnul
Zin
The Shining One

Shops:
D:7 :   D:8 }   D:10 [!!*

Annotations:
D:4 Grinder
D:10 3 runed translucent doors, omer1ben's ghost, novice DrFE Gauntlet 8 transporters


Innate Abilities, Weirdness & Mutations

You can breathe blasts of noxious fumes.
Your lurid green scales are hard. (AC +7)
You cannot fit into any form of body armour.
Your system is resistant to poisons. (rPois)
You are cold-blooded and may be slowed by cold attacks.


Message History

Your ice beast hits the minotaur but does no damage.
Unknown command.
Casting: Frozen Ramparts (safe; 1% risk of failure)
Confirm with . or Enter, or press ? or * to list all spells.
You feel a surge of power! A chill wind blows around you.
The minotaur is engulfed in noxious fumes.
The minotaur resists.
The wall freezes the minotaur.
The minotaur hits you from afar with a +2 glaive of freezing!!
Your ice beast hits the minotaur but does no damage.
Evoke which item? (* to show all) (? for menu, Esc to quit)
Aiming: Corrosive Bolt
Press: ? - help, Shift-Dir - straight line, f/p - minotaur
Aim: a minotaur, wielding a +2 glaive of freezing, wearing a +4 ring mail of cold resistance, wearing an uncursed ring of protection from cold and quivering 15 silver javelins (lightly wounded)
The bolt of acid misses the minotaur.
Your ice beast barely misses the minotaur.
The minotaur furiously retaliates!
The minotaur headbutts your ice beast, but does no damage.
The minotaur resists.
The wall freezes the minotaur.
The minotaur hits you from afar with a +2 glaive of freezing!!
You die...

#≈...#.#.#. ##...#.....
#≈...######
############.........
#........####.8.....8
##.##.###..##≈........
#8...Y......##...#####
#.....#.#....#...#...W
#####@#.#.©8.#...#=.WW
#°.(#....#...#"...
....H.HY###.©8.#.8.#©###
}8:8.8#.. #....#...#.###
#######.#.#.©8.#...#?###
..#.#....#...#.... ...
....##...##### ##.#
#..##≈........ ... .#
##.8.....8


You could see a minotaur and 2 friendly ice beasts.

Vanquished Creatures
  A fire crab (Gauntlet)
  Pikel (D:6)
  2 guardian serpents (D:9)
  A centaur zombie (D:10)
  5 hippogriffs
  2 redbacks (Gauntlet)
  2 basilisks (D:8)
  5 fire bats (Gauntlet)
  Menkaure (D:4)
  A water moccasin (D:8)
  A hell hound (Gauntlet)
  Duvessa (D:7)
  5 orc warriors
  A phantom (D:6)
  A slave (D:5)
  2 ogres (D:8)
  An ice beast (D:10)
  4 centaurs
  A necrophage (D:6)
  2 bullfrogs
  2 scorpions
  Dowan (D:7)
  6 killer bees (D:9)
  2 wights (D:9)
  A howler monkey (D:10)
  4 crimson imps
  A bullfrog zombie (D:5)
  A quasit (D:7)
  4 hounds
  7 orc priests
  7 orc wizards
  Crazy Yiuf (D:5)
  2 bullfrog skeletons (D:6)
  An iguana (D:9)
  2 worker ants
  A hound zombie (D:5)
  A hound skeleton (D:8)
  4 gnolls
  6 adders
  A shadow imp (D:8)
  An ooze (D:1)
  An adder skeleton (D:5)
  2 adder zombies
  3 worms
  3 dart slugs
  3 leopard geckos
  38 orcs
  3 ball pythons
  6 giant cockroaches
  11 goblins
  10 hobgoblins
  14 jackals
  13 kobolds
  4 quokkas
  2 ball python skeletons (D:4)
  8 bats
  5 frilled lizards
  2 leopard gecko skeletons (D:5)
  A leopard gecko zombie (D:5)
  19 rats
244 creatures vanquished.

Vanquished Creatures (collateral kills)
  A centaur warrior (D:10)
  A wolf spider (Gauntlet)
  A cyclops (D:11)
  An elephant (D:8)
  A moth of wrath (Gauntlet)
  A troll (D:10)
  A hippogriff (D:9)
  2 redbacks (Gauntlet)
  2 ice beasts (D:10)
  2 ogres
  7 wights
  3 howler monkeys (D:9)
  A crimson imp (D:8)
  A bullfrog skeleton (D:9)
  A jelly (D:9)
  An orc wizard (D:9)
27 creatures vanquished.

Vanquished Creatures (others)
  A worker ant (D:6)
  2 plants (D:10)
3 creatures vanquished.

Grand Total: 274 creatures vanquished

Notes
Turn   | Place    | Note
-------+----------+-------------------------------------------
     0 | D:1      | Hastur the Draconian Ice Elementalist began the quest for
                  | the Orb.
     0 | D:1      | Reached XP level 1. HP: 14/14 MP: 3/3
   195 | D:1      | Reached skill level 1 in Fighting
   355 | D:1      | Reached XP level 2. HP: 23/23 MP: 3/5
   625 | D:1      | Reached skill level 2 in Fighting
   692 | D:1      | Reached XP level 3. HP: 29/29 MP: 5/7
  1212 | D:2      | Learned a level 3 spell: Frozen Ramparts
  1220 | D:2      | Reached XP level 4. HP: 29/37 MP: 3/8
  1409 | D:2      | Reached skill level 3 in Fighting
  1428 | D:2      | Found a faded altar of an unknown god.
  1998 | D:3      | Reached XP level 5. HP: 40/45 MP: 3/10
  2511 | D:3      | Found a stormy altar of Qazlal.
  2665 | D:4      | Reached skill level 4 in Fighting
  2953 | D:4      | Noticed Menkaure
  2963 | D:4      | Killed Menkaure
  2963 | D:4      | Reached XP level 6. HP: 52/53 MP: 1/12
  3422 | D:4      | Noticed Grinder
  3423 | D:4      | Paralysed by Grinder for 2 turns
  3436 | D:4      | Paralysed by Grinder for 7 turns
  3710 | D:5      | Entered Level 5 of the Dungeon
  3733 | D:5      | Found a runed translucent door.
  3734 | D:5      | Noticed Crazy Yiuf
  3806 | D:5      | Reached skill level 5 in Fighting
  3887 | D:5      | Reached skill level 5 in Spellcasting
  4155 | D:5      | Found a staircase to the Ecumenical Temple.
  4207 | D:5      | Your scales start taking on a lurid green colour.
  4207 | D:5      | Reached XP level 7. HP: 61/61 MP: 8/14
  4207 | D:5      | Gained mutation: Your system is resistant to poisons.
                  | (rPois) [Green Draconian growth]
  4241 | D:5      | Learned a level 4 spell: Summon Ice Beast
  4242 | Temple   | Entered the Ecumenical Temple
  4410 | Temple   | Became a worshipper of Sif Muna the Loreminder
  4663 | D:5      | Found a shattered altar of Ashenzari.
  4772 | D:5      | Reached skill level 1 in Summonings
  5269 | D:5      | Killed Crazy Yiuf
  5387 | D:6      | Noticed Pikel
  5395 | D:6      | Killed Pikel
  5395 | D:6      | Reached skill level 5 in Ice Magic
  5395 | D:6      | Reached XP level 8. HP: 66/68 MP: 8/15
  5975 | D:6      | Reached * piety under Sif Muna
  6056 | D:6      | Reached skill level 5 in Summonings
  6504 | D:7      | Noticed Duvessa
  6505 | D:7      | Noticed Dowan
  6512 | D:7      | Killed Dowan
  6517 | D:7      | Killed Duvessa
  6576 | D:7      | Found Urutz's Book Shoppe.
  6779 | D:7      | Noticed a hippogriff
  6787 | D:7      | Killed a hippogriff
  6787 | D:7      | Reached XP level 9. HP: 34/73 MP: 10/16
  7337 | D:8      | Found a staircase to the Lair.
  7337 | D:8      | Noticed an elephant
  7369 | D:8      | Killed an elephant
  7369 | D:8      | Reached skill level 6 in Fighting
  7390 | D:8      | Reached ** piety under Sif Muna
  7641 | D:8      | Found Iwant's Gadget Shoppe.
  7814 | D:9      | Reached skill level 7 in Fighting
  7814 | D:9      | Reached XP level 10. HP: 62/85 MP: 10/19
  7841 | D:9      | Got a scintillating bone ring
  7854 | D:9      | Identified the ring "Sefatz" {rElec MP+9 Int-5 Dex+6
                  | Slay+2} (You found it on level 9 of the Dungeon)
  7967 | D:9      | Noticed a guardian serpent
  7973 | D:9      | Killed a guardian serpent
  8236 | D:9      | Learned a level 4 spell: Hailstorm
  8415 | D:9      | Noticed a guardian serpent
  8425 | D:9      | Killed a guardian serpent
  8425 | D:9      | Reached skill level 8 in Fighting
  8425 | D:9      | Reached skill level 1 in Conjurations
  8537 | D:10     | Entered Level 10 of the Dungeon
  8641 | D:10     | Found Vakuos's Distillery.
  8653 | D:10     | Bought a potion of heal wounds for 50 gold pieces
  8653 | D:10     | Bought a potion of curing for 30 gold pieces
  8653 | D:10     | Bought a potion of lignification for 30 gold pieces
  8701 | D:10     | Reached *** piety under Sif Muna
  8780 | D:10     | Reached skill level 5 in Conjurations
  8789 | D:10     | Found Zeit's Assorted Antiques.
  8796 | D:10     | Bought a scroll of identify for 48 gold pieces
  8884 | D:10     | Found Ownin's Distillery.
  9149 | D:10     | Found Gygaptynn's Armour Boutique.
  9161 | D:10     | Bought a +1 pair of gloves of dexterity for 280 gold pieces
  9229 | D:10     | Noticed omer1ben's ghost (novice DrFE)
  9230 | D:10     | Found a runed translucent gate.
  9230 | D:10     | Noticed a ten-headed hydra
  9231 | D:10     | Found a runed translucent gate.
  9231 | D:10     | Found a runed translucent gate.
  9891 | D:11     | Noticed a brown ugly thing
  9891 | D:11     | Noticed a centaur warrior
  9898 | D:10     | Killed a centaur warrior
  9942 | D:11     | Found a gate leading to a gauntlet.
  9942 | D:11     | Noticed a cyclops
 10251 | D:11     | Killed a cyclops
 10275 | Gauntlet | Entered a Gauntlet
 10275 | Gauntlet | Found a transporter.
 10284 | Gauntlet | Found a transporter.
 10287 | Gauntlet | Noticed a moth of wrath
 10287 | Gauntlet | Noticed a wolf spider
 10301 | Gauntlet | Found the ring of Robustness {AC+8}
 10304 | Gauntlet | Found a transporter.
 10304 | Gauntlet | Found a transporter.
 10312 | Gauntlet | Noticed a fire crab
 10314 | Gauntlet | Found a transporter.
 10334 | Gauntlet | Found a transporter.
 10337 | Gauntlet | Found a transporter.
 10341 | Gauntlet | Found a transporter.
 10343 | Gauntlet | Found a runed translucent door.
 10364 | Gauntlet | Found a transporter.
 10364 | Gauntlet | Noticed a dire elephant
 10368 | Gauntlet | Noticed an elephant
 10372 | Gauntlet | Found a transporter.
 10372 | Gauntlet | Found a transporter.
 10377 | Gauntlet | Noticed a large abomination
 10380 | Gauntlet | Found a transporter.
 10384 | Gauntlet | Noticed a large abomination
 10505 | Gauntlet | Killed a wolf spider
 10505 | Gauntlet | Reached XP level 11. HP: 18/93 MP: 6/21
 10530 | Gauntlet | Reached skill level 1 in Shields
 10849 | Gauntlet | Killed a fire crab
 10849 | Gauntlet | Reached skill level 9 in Fighting
 10856 | Gauntlet | Got a bound platinum ring
 11040 | Gauntlet | Noticed a minotaur
 11052 | Gauntlet | Slain by a minotaur

Levels and vault maps discovered:
D:1:      erik_arrival_orb_chamber, layout_rooms, minivault_4,
          chequers_arboretum, st_stairs_1
D:2:      layout_basic, first_ration, chequers_ecumenical_altar_island
D:3:      layout_loops_cross, nicolae_overflow_crystal_walls,
          minmay_fractal_squares_diagonal_5
D:4:      layout_basic, minmay_ruptured, uniq_menkaure, uniq_grinder
D:5:      minmay_evil_eye, layout_layer_cave, minmay_temple_entry_tees,
          chequers_serial_rivers_small_a, chequers_mini_garden,
          minmay_misc_feat_alley, evilmike_ruin_ashenzari,
          uniq_crazy_yiuf_cottage
D:6:      layout_basic, minmay_misc_feat_rugged, uniq_pikel
D:7:      layout_basic, serial_shops, shop, uniq_duvessa
D:8:      layout_rooms, david_lair_generic, serial_shops, shop
D:9:      nrook_guardian_serpent_snake_passage, layout_basic
D:10:     layout_basic, gammafunk_ghost_hydra_chop, serial_shops, shop, shop,
          shop, nicolae_shop_overgrown_old_shop, minmay_quadrilaterals
D:11:     layout_roguey, gauntlet_entry_generic
Temple:   minmay_crystal_snake_temple
Gauntlet: minmay_gauntlet_mixed_oops_all_seconds
          [minmay_gauntlet_arena_77_braids, nicolae_gauntlet_swirl,
          minmay_gauntlet_arena_77_path, nicolae_gauntlet_arena_grate_2,
          minmay_gauntlet_arena_77_block_sizes, gammafunk_gauntlet_arena_grid,
          nicolae_gauntlet_exit_dead_adventurers]

Skill      XL: |  1  2  3  4  5  6  7  8  9 10 11 |
---------------+----------------------------------+-----
Fighting       | 1 2 3 4 5 7 8 9 |  9.0
Spellcasting   | 3 4 5 6 7 |  7.0
Stealth        | 2 3 |  3.0
Summonings     | 3 6 8 |  8.1
Ice Magic      | 5 7 8 |  8.0
Conjurations   | 7 8 |  8.0
Shields        | 3 |  3.3
Dodging        | |  1.7

Action                   |  1- 3 |  4- 6 |  7- 9 | 10-12 || total
-------------------------+-------+-------+-------+-------++-------
Melee: Unarmed           |     4 |       |       |       ||     4
       Short sword       |    24 |    11 |       |       ||    35
       Tailslap          |     1 |     9 |    17 |     6 ||    33
       Spear             |       |    74 |    51 |    11 ||   136
       Whip              |       |       |    60 |       ||    60
       Staff             |       |       |    10 |    52 ||    62
 Cast: Freeze            |    71 |    70 |    49 |    46 ||   236
       Frozen Ramparts   |       |    12 |    29 |    17 ||    58
       Summon Ice Beast  |       |       |     8 |    43 ||    51
       Hailstorm         |       |       |       |     4 ||     4
 Abil: Breathe Noxious F |       |       |     4 |     8 ||    12
Evoke: Wand              |       |       |       |     2 ||     2
  Use: Scroll            |       |     3 |     2 |     7 ||    12
 Stab: Sleeping          |       |     3 |     1 |       ||     4
       Confused          |       |       |     1 |       ||     1
       Distracted        |       |       |     1 |     2 ||     3
  Eat: Chunk             |     1 |     9 |    10 |     8 ||    28
       Ration            |       |       |     2 |     3 ||     5
Armor: Skin              |    29 |    27 |    65 |    49 ||   170
Dodge: Dodged            |    52 |    59 |   116 |    93 ||   320

Table legend:
 A = Non-vault XP
 B = Vault XP
 C = Vault XP percentage of total XP
 D = Non-vault monster count
 E = Vault monster count
 F = Vault count percentage of total count
                 A         B        C        D         E       F
            +---------+---------+-------+---------+---------+-------
      Total |    7537 |    6598 |  46.7 |     219 |      51 |  18.9
            +---------+---------+-------+---------+---------+-------
        D:1 |      74 |      16 |  17.8 |      33 |      14 |  29.8
        D:2 |      82 |       0 |   0.0 |      25 |       0 |   0.0
        D:3 |      42 |      18 |  30.0 |      17 |       6 |  26.1
        D:4 |     139 |     168 |  54.7 |      14 |       2 |  12.5
        D:5 |     236 |     127 |  35.0 |      23 |       3 |  11.5
        D:6 |     619 |     607 |  49.5 |      11 |       1 |   8.3
        D:7 |     690 |     204 |  22.8 |       9 |       2 |  18.2
        D:8 |    1111 |     948 |  46.0 |      33 |       4 |  10.8
        D:9 |    1205 |     903 |  42.8 |      22 |       2 |   8.3
       D:10 |    2937 |     284 |   8.8 |      31 |       4 |  11.4
       D:11 |     402 |       0 |   0.0 |       1 |       0 |   0.0
   Gauntlet |       0 |    3323 | 100.0 |       0 |      13 | 100.0
            +---------+---------+-------+---------+---------+-------
